 Dungeon Crawl Stone Soup version 0.31-a0-1178-gc5c9b8f871 (webtiles) character file.

Game seed: 35964506964910412

3107 Inarius the Chopper (level 9, -1/71 HPs)
             Began as a Mummy Fighter on Dec 11, 2023.
             Was a Follower of Makhleb.
             Slain by a gargoyle
             ... wielding a +0 mace
              (13 damage)
             ... on level 8 of the Dungeon.
             The game lasted 00:12:06 (6532 turns).

Inarius the Chopper (Mummy Fighter)                 Turns: 6532, Time: 00:12:07

Health: -1/71      AC: 14    Str: 23    XL:     9   Next: 60%
Magic:  10/10      EV: 13    Int:  7    God:    Makhleb [*.....]
Gold:   266        SH:  6    Dex: 18    Spells: 8/8 levels left

rFire   x . .        a - +0 war axe
rCold   + . .        c - +1 buckler
rNeg    + + +        d - +3 chain mail
rPois   ∞            p - +0 helmet
rElec   .            (no cloak)
rCorr   .            (no gloves)
SInv    .            (no boots)
Will    +....        (no amulet) Stlth
                     r - +5 ring of evasion
HPRegen 0.31/turn    v - +6 ring of dexterity
MPRegen 0.12/turn

%: faith
@: about to teleport
A: cold resistance 1, negative energy resistance 3, torment resistance 2, heat
vulnerability 1, in touch with death 1, no potions, faith
a: Renounce Religion


You were on level 8 of the Dungeon.
You worshipped Makhleb.
Makhleb was aware of your devotion.
You visited 2 branches of the dungeon, and saw 9 of its levels.

You collected 473 gold pieces.
You spent 207 gold pieces at shops.

Inventory:

Hand Weapons
 a - a +0 war axe (weapon)
 b - a +1 whip of electrocution
Missiles
 e - 5 boomerangs (quivered)
Armour
 c - a +1 buckler (worn)
 d - a +3 chain mail (worn)
 p - a +0 helmet (worn)
Jewellery
 r - a +5 ring of evasion (left hand)
 s - a +5 ring of evasion
 v - a +6 ring of dexterity (right hand)
 w - a ring of protection from cold
 B - a ring of resist corrosion
Wands
 x - a wand of flame (9)
 A - a wand of charming (4)
Scrolls
 f - 4 scrolls of immolation
 g - 3 scrolls of vulnerability
 h - 2 scrolls of revelation
 i - 4 scrolls of amnesia
 j - a scroll of enchant weapon
 k - a scroll of butterflies {unknown}
 m - a scroll of blinking
 n - a scroll of noise {unknown}
 o - 3 scrolls of fog
 u - 2 scrolls of brand weapon {unknown}
 y - 2 scrolls of enchant armour


   Skills:
 * Level 6.9 Fighting
 + Level 7.2 Axes
 + Level 2.8 Throwing
 + Level 5.2 Armour
 + Level 4.4 Shields
 * Level 1.5 Invocations
 + Level 1.1 Evocations


You had 8 spell levels left.
You didn't know any spells.
Your spell library contained the following spells:

 Spells                   Type           Power      Damage    Failure   Level
 Kiss of Death            Conj/Necr      0%         2d5       97%         1
 Scorch                   Fire           0%         2d5       99%         2
 Call Canine Familiar     Summ           0%         N/A       100%        3
 Confusing Touch          Hex            0%         N/A       100%        3
 Inner Flame              Hex/Fire       0%         N/A       100%        3
 Sigil of Binding         Hex            0%         N/A       100%        3
 Cause Fear               Hex            0%         N/A       100%        4
 Dimensional Bullseye     Hex/Tloc       0%         N/A       100%        4
 Dispel Undead            Necr           0%         3d6       100%        4
 Flame Wave               Conj/Fire      0%         2d4       100%        4
 Leda's Liquefaction      Hex/Erth       0%         N/A       100%        4
 Manifold Assault         Tloc           0%         N/A       100%        4
 Sticky Flame             Conj/Fire      0%         2d3       100%        4
 Fireball                 Conj/Fire      0%         3d3       100%        5
 Dispersal                Tloc           0%         N/A       100%        6
 Summon Cactus Giant      Summ           0%         N/A       100%        6
 Disjunction              Tloc           0%         N/A       100%        8
 Dragon's Call            Summ           0%         N/A       100%        9


Dungeon Overview and Level Annotations

Branches:
Dungeon (8/15)             Temple (1/1) D:5            Lair (0/5) D:8

Altars:
Ashenzari
Cheibriados
Dithmenos
Fedhas
Gozag
Hepliaklqana
Kikubaaqudgha
Makhleb
Okawaru
Ru
Sif Muna
Trog
Uskayaw
Vehumet
Wu Jian
Xom
Yredelemnul

Shops:
D:3 ((**(   D:7 *   D:8 :


Innate Abilities, Weirdness & Mutations

You are immune to poison.
Your flesh is cold resistant. (rC+)
You are immune to negative energy. (rN+++)
You are immune to unholy pain and torment.
You are vulnerable to heat. (rF-)
You are in touch with the powers of death.
You do not drink.
You have a special connection with the divine. (Faith)


Message History

You climb upwards.
There is a stone staircase leading down here.
You start resting.
HP restored.
You climb downwards.
There is a stone staircase leading up here.
Press: ? - help, v - describe, . - travel
Here: a gargoyle, wielding a +0 mace The floor.
You start waiting.
A gargoyle is nearby!
There is a stone staircase leading up here.
You barely miss the gargoyle.
The gargoyle hits you with a +0 mace! x2
You hit the gargoyle but do no damage. You block the gargoyle's attack.
You barely miss the gargoyle.
The gargoyle hurls a stone arrow at you.
The stone arrow misses you.
You hit the gargoyle but do no damage. You block the gargoyle's attack.
You closely miss the gargoyle. The gargoyle closely misses you.
You hit the gargoyle but do no damage. The gargoyle completely misses you.
You closely miss the gargoyle. The gargoyle hits you with a +0 mace!
You hit the gargoyle but do no damage.
The gargoyle hurls a stone arrow at you.
The stone arrow hits you!
The gargoyle hurls a stone arrow at you.
You block the stone arrow.
You hit the gargoyle but do no damage.
The gargoyle hurls a stone arrow at you.
The stone arrow misses you.
You barely miss the gargoyle. The gargoyle completely misses you.
Okay, then.
Unknown command.
You hit the gargoyle but do no damage.
The gargoyle hurls a stone arrow at you.
The stone arrow hits you!
* * * LOW HITPOINT WARNING * * *
As you read the scroll of teleportation, it crumbles to dust.
You feel strangely unstable. You block the gargoyle's attack.
The gargoyle attacks as it pursues you! The gargoyle hits you with a +0 mace!
You die...

.....#...................#...##..
........###............####..#...
..........#............# #......#
...................%...###...#..#
#.......#............###..#.#...
#...#.#####..............###....
##..##..........##...##.........
###.......#.#....##.##.........).
#..>..<...###..9@................
....##......#..#..#............#.
....##..##.....#####.........#.##
..####....##.### ###..#.....#.##
.# #........#####......#.......
.### ##....#....#......###.......
..[. .$..####..........####...#.#
...###.####.#...........###..####
..###.. ##.............###..####


You could see a gargoyle.

Vanquished Creatures
  Pikel (D:6)
  Joseph (D:7)
  Jeremiah (D:8)
  2 water moccasins (D:6)
  2 sky beasts
  2 ice beasts
  2 black bears (D:5)
  An ogre (D:4)
  2 centaurs (D:8)
  3 lemures (D:5)
  A phantom (D:3)
  A kobold brigand (D:6)
  4 bullfrogs
  2 scorpions
  2 howler monkeys
  A jelly (D:4)
  2 hounds
  3 iguanas (D:5)
  2 sleepcaps
  2 orc wizards
  A gnoll (D:1)
  6 adders
  A shadow imp (D:8)
  2 white imps
  2 worms
  2 dart slugs
  13 orcs
  10 endoplasms
  2 giant cockroaches
  8 goblins
  13 hobgoblins
  4 ball pythons
  A bat (D:2)
  A frilled lizard (D:1)
  13 kobolds
  3 rats
119 creatures vanquished.

Notes
Turn   | Place    | Note
-------+----------+-------------------------------------------
     0 | D:1      | Inarius the Mummy Fighter began the quest for the Orb.
     0 | D:1      | Reached XP level 1. HP: 18/18 MP: 1/1
    49 | D:1      | Found a faded altar of an unknown god.
   173 | D:1      | Reached XP level 2. HP: 24/24 MP: 2/2
   313 | D:1      | Reached skill level 2 in Axes
   313 | D:1      | Reached XP level 3. HP: 29/29 MP: 3/3
   942 | D:2      | Reached XP level 4. HP: 37/37 MP: 4/4
  1387 | D:3      | Found Duutsec's Antique Weapon Shop.
  1505 | D:3      | Found Ytybuu's Assorted Antiques.
  1510 | D:3      | Bought a scroll labelled LOTTAYSATAU for 27 gold pieces
  1510 | D:3      | Bought a scroll labelled EKLUYH ATOCE for 27 gold pieces
  1520 | D:3      | Found an ancient bone altar of Kikubaaqudgha.
  1560 | D:3      | Found a hazy altar of Hepliaklqana.
  1579 | D:3      | Found a basalt altar of Yredelemnul.
  1687 | D:3      | Found Ilerush's Weapon Shop.
  1731 | D:3      | Found Teamno Baec's Antique Weapon Shop.
  1740 | D:3      | Noticed a phantom
  1756 | D:3      | Killed a phantom
  1757 | D:3      | Reached skill level 3 in Axes
  1757 | D:3      | Reached skill level 1 in Throwing
  1757 | D:3      | Reached XP level 5. HP: 40/42 MP: 5/5
  1954 | D:3      | Found Wodoe's General Store.
  1957 | D:3      | Bought a +0 helmet for 63 gold pieces
  2064 | D:4      | Found a hide-covered altar of Uskayaw.
  2108 | D:4      | Reached XP level 6. HP: 44/48 MP: 6/6
  2542 | D:4      | Reached skill level 4 in Axes
  2847 | D:5      | Entered Level 5 of the Dungeon
  2871 | D:5      | Found a staircase to the Ecumenical Temple.
  2888 | Temple   | Entered the Ecumenical Temple
  2908 | Temple   | Became a worshipper of Makhleb the Destroyer
  3102 | D:5      | Reached XP level 7. HP: 55/55 MP: 7/7
  3267 | D:5      | Noticed an angel
  3415 | D:5      | Reached skill level 5 in Fighting
  3512 | D:6      | Noticed Pikel
  3621 | D:6      | Reached skill level 5 in Axes
  3624 | D:6      | Reached XP level 8. HP: 53/62 MP: 8/8
  4061 | D:6      | Reached * piety under Makhleb
  4170 | D:6      | Found a blossoming altar of Fedhas.
  4187 | D:6      | Reached skill level 6 in Axes
  4319 | D:6      | Killed Pikel
  4320 | D:6      | Reached XP level 9. HP: 41/69 MP: 9/9
  4768 | D:7      | Noticed Joseph
  4801 | D:7      | Killed Joseph
  4911 | D:7      | Found Toanator's General Store.
  4924 | D:7      | Bought a scroll of revelation for 90 gold pieces
  5432 | D:7      | Found an opulent altar of Gozag.
  5432 | D:7      | Found a sacrificial altar of Ru.
  5480 | D:8      | Noticed Jeremiah
  5722 | D:8      | Reached skill level 7 in Axes
  5733 | D:8      | Found a staircase to the Lair.
  5931 | D:8      | Reached skill level 5 in Armour
  5937 | D:8      | Reached skill level 1 in Invocations
  6096 | D:8      | Killed Jeremiah
  6097 | D:8      | Reached skill level 1 in Evocations
  6295 | D:8      | Found Xuaraaw's Book Shop.
  6295 | D:8      | Noticed a manticore
  6334 | D:8      | Noticed a gargoyle
  6532 | D:8      | Slain by a gargoyle

Illustrated notes

Levels and vault maps discovered:
D:1:      minmay_arrival_solitary_statue, layout_basic,
          shapermc_ecumenical_altar_mp_highgroup
D:2:      wad_crossroads, layout_loops_ring
D:3:      layout_rooms, nicolae_overflow_quartered_altars, serial_shops, shop,
          nicolae_shop_behind_doors, shop, shop, nicolae_shop_behind_doors
D:4:      layout_loops_cross, old_standard_altar, lemuel_crystal_altar
D:5:      layout_cave_pools, zin_angel, minmay_temple_entry_crystal_x,
          chequers_serial_rivers_marsh, lemuel_flamethrower_2
D:6:      layout_cave_pools, mainiacjoe_overflow_chevrons, uniq_pikel
D:7:      layout_basic, gammafunk_temple_overflow_statue, serial_shops, shop,
          uniq_joseph
D:8:      layout_cave_pools, lair_entry_dummy, kennysheep_windowed_goal,
          uniq_jeremiah
Temple:   zaba_magenta_temple

Skill      XL: |  1  2  3  4  5  6  7  8  9 |
---------------+----------------------------+-----
Axes           | 2 3 4 5 6 7 |  7.2
Fighting       | 4 5 6 |  6.9
Throwing       | 1 2 |  2.8
Armour         | 3 4 5 |  5.2
Shields        | 3 4 |  4.4
Invocations    | 1 |  1.5
Evocations     | 1 |  1.1

Action                     |  1- 3 |  4- 6 |  7- 9 || total
---------------------------+-------+-------+-------++-------
  Melee: War axe           |    95 |   105 |   196 ||   396
         Whip              |       |       |    63 ||    63
  Throw: Boomerang         |    15 |    37 |    20 ||    72
  Evoke: Wand              |       |       |     7 ||     7
    Use: Scroll            |       |     5 |     8 ||    13
 Armour: Scale mail        |     4 |       |       ||     4
         Chain mail        |    60 |    73 |   192 ||   325
  Dodge: Dodged            |    43 |    39 |   155 ||   237
  Block: Buckler           |    26 |    28 |    88 ||   142

Table legend: (Time is in decaauts)
 A = Elapsed time spent in this place.
 B = Non-inter-level travel time spent in this place.
 C = Inter-level travel time spent in this place.
 D = Time resting spent in this place.
 E = Time spent auto-exploring this place.
 F = Levels seen in this place.
 G = Mean time per level.
                   A        B        C        D        E       F      G
               +--------+--------+--------+--------+--------+-----+--------+
         Total |   6676 |   6263 |    413 |    926 |   3840 |   9 |  741.8 |
       Dungeon |   6638 |   6239 |    399 |    926 |   3840 |   8 |  829.8 |
        Temple |     37 |     23 |     14 |      0 |      0 |   1 |   37.0 |
               +--------+--------+--------+--------+--------+-----+--------+

Top non-repeatable levels by time:
     D:7: 1298 daAuts
     D:5: 868 daAuts
     D:2: 864 daAuts
     D:6: 819 daAuts
     D:4: 769 daAuts
     D:3: 726 daAuts
     D:8: 718 daAuts
     D:1: 573 daAuts
  Temple: 37 daAuts
